 Dungeon Crawl Stone Soup version 0.32-a0-12-g7fc57aa741 (webtiles) character file.

Game seed: 12684322471299717203

70 Boanerges the Firebug (level 4, -2/33 HPs)
             Began as a Draconian Fire Elementalist on Jan 13, 2024.
             Slain by a ribbon worm (4 damage)
             ... on level 3 of the Dungeon on Jan 15, 2024.
             The game lasted 00:34:15 (2294 turns).

Boanerges the Firebug (Draconian Fire Elementalist) Turns: 2294, Time: 00:34:16

Health: -2/33      AC:  5    Str: 11    XL:     4   Next: 4%
Magic:  0/8        EV:  6    Int: 17    God:
Gold:   139        SH:  0    Dex: 11    Spells: 8/9 levels left

rFire   . . .        c - +0 short sword
rCold   . . .        (no shield)
rNeg    . . .        (body armour unavailable)
rPois   .            (helmet restricted)
rElec   .            (no cloak)
rCorr   .            (no gloves)
SInv    .            (no boots)
Will    .....        (no amulet)
Stlth   ++           (no ring)
HPRegen 0.25/turn    (no ring)
MPRegen 0.11/turn

%: no passive effects
@: held
A: AC +5, unfitting armour, cold-blooded
a: no special abilities


You were on level 3 of the Dungeon.
You visited 1 branch of the dungeon, and saw 3 of its levels.

You collected 139 gold pieces.

Inventory:

Hand Weapons
 b - a +0 club
 c - a +0 short sword (weapon)
 e - a +0 hand axe
 h - a +0 whip
Armour
 g - a +0 robe
 o - a +0 ring mail
 q - a +0 robe
Jewellery
 l - a ring of protection from cold
Scrolls
 f - a scroll of enchant weapon {unknown}
 i - a scroll of identify {unknown}
 k - 2 scrolls of teleportation {unknown}
 p - a scroll of immolation {unknown}
 s - a scroll of brand weapon {unknown}
 t - a scroll of revelation {unknown}
Potions
 a - a potion of magic
 d - a potion of resistance {unknown}
 j - a potion of attraction {unknown}
 m - a potion of enlightenment {unknown}
 n - a potion of curing {unknown}
 r - a potion of mutation {unknown}


   Skills:
 + Level 0.2 Fighting
 + Level 2.3 Dodging
 + Level 1.7 Stealth
 + Level 3.0 Spellcasting
 + Level 1.4 Conjurations
 + Level 3.6 Fire Magic


You had 8 spell levels left.
You knew the following spells:

 Your Spells              Type           Power      Damage    Failure   Level
a - Foxfire               Conj/Fire      44%        2x1d6     6%          1

Your spell library contained the following spells:

 Spells                   Type           Power      Damage    Failure   Level
 Scorch                   Fire           28%        2d6       6%          2
 Slow                     Hex            8%         N/A       17%         1
 Mercury Vapours          Alch/Air       4%         N/A       26%         2
 Inner Flame              Hex/Fire       8%         N/A       26%         3
 Volatile Blastmotes      Fire/Tloc      16%        2d11      26%         3
 Mephitic Cloud           Conj/Alch/Air  4%         N/A       41%         3
 Confusing Touch          Hex            2%         N/A       45%         3
 Fugue of the Fallen      Necr           2%         N/A       45%         3
 Ozocubu's Armour         Ice            2%         N/A       45%         3
 Sigil of Binding         Hex            2%         N/A       45%         3
 Vampiric Draining        Necr           2%         2d6       45%         3
 Flame Wave               Conj/Fire      11%        2d6       52%         4
 Manifold Assault         Tloc           2%         N/A       86%         4
 Freezing Cloud           Conj/Ice/Air   2%         6-21      99%         5


Dungeon Overview and Level Annotations

Branches:
Dungeon (3/15)

Altars:


Innate Abilities, Weirdness & Mutations

Your plain brown scales are hard. (AC +5)
You cannot fit into any form of body armour.
You are cold-blooded and may be slowed by cold attacks.


Message History

The ribbon worm is moderately wounded.
The foxfire hits the ribbon worm.
The ribbon worm is moderately wounded.
The hobgoblin hits you.
* * * LOW HITPOINT WARNING * * *
The ribbon worm barely misses you.
Casting: Foxfire (safe; 6% risk of failure)
Confirm with . or Enter, or press ? or * to list all spells.
You conjure some foxfire!
The hobgoblin misses you. The ribbon worm barely misses you.
The hobgoblin hits you but does no damage.
The foxfire hits the ribbon worm.
The ribbon worm is moderately wounded.
The foxfire hits the ribbon worm.
The ribbon worm is heavily wounded.
The ribbon worm barely misses you.
Casting: Foxfire (safe; 6% risk of failure)
Confirm with . or Enter, or press ? or * to list all spells.
You conjure some foxfire!
The ribbon worm bites you.
* * * LOW HITPOINT WARNING * * *
The hobgoblin barely misses you. x2; The ribbon worm closely misses you.
The foxfire hits the hobgoblin.
The hobgoblin is severely wounded.
The foxfire hits the ribbon worm.
The ribbon worm is heavily wounded.
The hobgoblin attacks as it pursues you!
The hobgoblin hits you.
* * * LOW HITPOINT WARNING * * *
The ribbon worm expels a string of sticky webbing.
The stream of webbing hits you but does no damage.
You are caught in a web!
There is a web here.
Casting: Foxfire (safe; 6% risk of failure)
Confirm with . or Enter, or press ? or * to list all spells.
You don't have enough magic to cast this spell.
You struggle to detach yourself from the web.
You feel yourself speed up.
The hobgoblin hits you but does no damage.
The ribbon worm bites you.
You die...

......#..... ..
#.##.......# ###.
...#.###...####...
.$....?#.#.##....
...#.###...##.#.#
#.##..†....##.#.####
......#...†B.......##
#.#....)..wg..>.#...#
#?#.#..#.#.@§.###...###
###....#.#............###
....####.#...............
.#.# #.#............# ...
#.##...###...### ##
#.###... #...#
#.#.##..######
.###.............
.................


You could see a ribbon worm (catching breath), a bombardier beetle and a
hobgoblin.

Vanquished Creatures
  A dart slug (D:1)
  3 ribbon worms (D:2)
  An orc (D:3)
  9 ball pythons
  7 bats
  5 endoplasms
  2 giant cockroaches (D:1)
  2 goblins (D:1)
  6 hobgoblins
  2 jackals (D:1)
  8 kobolds
  2 quokkas
  3 frilled lizards
  3 rats
54 creatures vanquished.

Vanquished Creatures (others)
  125 foxfires
125 creatures vanquished.

Grand Total: 179 creatures vanquished

Notes
Turn   | Place    | Note
-------+----------+-------------------------------------------
     0 | D:1      | Boanerges the Draconian Fire Elementalist began the quest
                  | for the Orb.
     0 | D:1      | Reached XP level 1. HP: 14/14 MP: 3/3
   175 | D:1      | Reached XP level 2. HP: 12/20 MP: 1/5
   774 | D:1      | Reached XP level 3. HP: 26/26 MP: 3/6
  1183 | D:2      | Found a faded altar of an unknown god.
  1824 | D:2      | Upgraded the game from 0.32-a0-7-ge934b4519a to
                  | 0.32-a0-12-g7fc57aa741
  2260 | D:3      | Noticed a toenail golem
  2284 | D:3      | Reached XP level 4. HP: 11/33 MP: 1/8
  2293 | D:3      | HP: 1/33 [hobgoblin (3)]
  2294 | D:3      | Slain by a ribbon worm

Illustrated notes

Levels and vault maps discovered:
D:1:      zelgadis_glass_arrival_small, layout_basic
D:2:      layout_loops_cross, basic_ecumenical_altar
D:3:      layout_loops_ring, gammafunk_temple_overflow_statue,
          gammafunk_ghost_abyssal_escape, minmay_fractal_squares_5

Skill      XL: |  1  2  3 |
---------------+----------+-----
Dodging        | 2 |  2.3
Spellcasting   | 3 |  3.0
Fighting       | |  0.2
Stealth        | |  1.7
Conjurations   | |  1.4
Fire Magic     | |  3.6

Action                     |  1- 3 |  4- 6 || total
---------------------------+-------+-------++-------
  Melee: Unarmed           |    22 |       ||    22
         Club              |     2 |       ||     2
         Tailslap          |     3 |       ||     3
         Short sword       |    30 |     1 ||    31
         Punch             |     1 |       ||     1
   Cast: Foxfire           |    75 |     3 ||    78
 Armour: Skin              |    40 |    11 ||    51
  Dodge: Dodged            |    51 |    16 ||    67

Table legend: (Time is in decaauts)
 A = Elapsed time spent in this place.
 B = Non-inter-level travel time spent in this place.
 C = Inter-level travel time spent in this place.
 D = Time resting spent in this place.
 E = Time spent auto-exploring this place.
 F = Levels seen in this place.
 G = Mean time per level.
                   A        B        C        D        E       F      G
               +--------+--------+--------+--------+--------+-----+--------+
         Total |   2299 |   2271 |     28 |      0 |   1253 |   3 |  766.3 |
       Dungeon |   2299 |   2271 |     28 |      0 |   1253 |   3 |  766.3 |
               +--------+--------+--------+--------+--------+-----+--------+

Top non-repeatable levels by time:
     D:1: 1182 daAuts
     D:2: 1028 daAuts
     D:3: 88 daAuts
